 Dungeon Crawl Stone Soup version 0.31-a0-202-g547052bce9 (webtiles) character file.

Game seed: 8651100378697199918

78 qw the Shooter (level 4, 0/25 HPs)
             Began as a Deep Elf Hunter on June 26, 2023.
             Slain by Sigmund
             ... wielding a +1 scythe of venom
              (8 damage)
             ... on level 2 of the Dungeon.
             The game lasted 00:00:24 (1196 turns).

qw the Shooter (Deep Elf Hunter)                    Turns: 1196, Time: 00:00:25

Health: 0/25       AC:  3    Str: 10    XL:     4   Next: 15%
Magic:  6/6        EV: 12    Int: 14    God:
Gold:   22         SH:  0    Dex: 18    Spells: 3/3 levels left

rFire   . . .        Y - +0 shortbow
rCold   . . .        (shield currently unavailable)
rNeg    . . .        c - +0 leather armour
rPois   .            (no helmet)
rElec   .            (no cloak)
rCorr   .            (no gloves)
SInv    .            (no boots)
Will    .....        e - amulet of faith
Stlth   +            (no ring)
HPRegen 0.24/turn    (no ring)
MPRegen 0.10/turn

%: faith
@: confused
A: no striking features
a: no special abilities


You were on level 2 of the Dungeon.
You visited 1 branch of the dungeon, and saw 2 of its levels.

You collected 22 gold pieces.


   Skills:
 - Level 1.5 Fighting
 + Level 7.6 Ranged Weapons
 - Level 2.4 Dodging
 - Level 1.2 Stealth


You had 3 spell levels left.
You didn't know any spells.
Your spell library was empty.

Inventory:

Hand Weapons
 Y - a +0 shortbow (weapon)
Armour
 c - a +0 leather armour (worn)
 d - a +0 pair of gloves
Jewellery
 e - an amulet of faith (around neck)
 f - a ring of ice
Scrolls
 b - a scroll of blinking {unknown}
Potions
 a - a potion of ambrosia {unknown}
 g - a potion of attraction {unknown}
 h - a potion of enlightenment {unknown}
 i - a potion of invisibility {unknown}
 j - a potion of heal wounds {unknown}

Dungeon Overview and Level Annotations

Branches:
Dungeon (2/15)

Altars:

Annotations:
D:2 1 runed translucent door, Crazy Yiuf, Natasha, Sigmund


Message History

You see here a +0 hammer.
You see here a +0 hammer.
You see here a +0 long sword.
Sigmund the Dreaded comes into view.
He is wielding a +1 scythe of venom.
Enter note:
Enter note:
Enter note:
Enter note:
Enter note:
Enter note:
Enter note:
Enter note:
Enter note: You shoot an arrow.
The arrow hits Sigmund.
Sigmund shouts!
Sigmund is lightly wounded.
You shoot an arrow. The arrow closely misses Sigmund.
Sigmund gestures wildly while chanting.
Sigmund flickers and vanishes!
Deactivating autopickup; reactivate with Ctrl-A.
You shoot an arrow. You shoot an arrow.
A magic dart appears from out of thin air!
The magic dart hits you!
You shoot an arrow. You shoot an arrow.
Something tries to affect you, but you resist.
You shoot an arrow. You shoot an arrow.
You hear some strange, mumbled words.
You are confused.
You shoot an arrow.
A puff of flame appears from out of thin air!
The puff of flame hits you.
You shoot an arrow. You shoot an arrow. Something hits you.
You shoot an arrow. Something hits you!
You die...

#.......##.#.....
#....#.....#.....
##.#.#.#####.....
#.#.............
#.###.##########
##....%........#
#......###.###.##
######......###.......
#[...@..........#.#.##
....####.....####.....##
# #####............
#######...##.
#.......##. #.####..##>
#..##. ...... ##.#.##


There were no monsters in sight!

Vanquished Creatures
  Natasha (D:2)
  2 adders (D:2)
  A worm (D:2)
  A dart slug (D:1)
  5 ball pythons
  3 endoplasms
  A giant cockroach (D:2)
  A goblin (D:1)
  5 hobgoblins
  3 kobolds
  3 quokkas (D:1)
  3 frilled lizards
  3 rats (D:1)
32 creatures vanquished.

Notes
Turn   | Place    | Note
-------+----------+-------------------------------------------
     0 | D:1      | qw the Deep Elf Hunter began the quest for the Orb.
     0 | D:1      | Reached XP level 1. HP: 12/12 MP: 3/3
     0 | D:1      | 0 ||| qw: Version: 0.3-a-22-g0ed2b0b
     0 | D:1      | 0 ||| qw: Game counter: 6321
     0 | D:1      | 0 ||| qw: Melee chars always use a shield: true
     0 | D:1      | 0 ||| qw: God list: Okawaru
     0 | D:1      | 0 ||| qw: Allow faded altars: false
     0 | D:1      | 0 ||| qw: Do Orc after clearing Dungeon:15 true
     0 | D:1      | 0 ||| qw: Do second Lair branch before Depths: true
     0 | D:1      | 0 ||| qw: Lair rune preference: random
     0 | D:1      | 0 ||| qw: Goals: Normal
     0 | D:1      | 0 ||| PLANNING D:1-11
   111 | D:1      | Reached skill level 6 in Ranged Weapons
   111 | D:1      | Reached XP level 2. HP: 13/16 MP: 4/4
   688 | D:1      | 688 ||| UPGRADING to amulet of faith.
   693 | D:1      | 693 ||| READING scroll labelled VEMIUSMOUMO.
   694 | D:1      | 694 ||| READING scroll labelled OREARA NEKYFI.
   695 | D:1      | 695 ||| READING scroll labelled IMOSAD BOKKATZ.
   696 | D:1      | 696 ||| READING scroll labelled VASUGI HYEWIGHA.
   697 | D:1      | 697 ||| DROPPING scroll of butterflies.
   779 | D:2      | Reached XP level 3. HP: 20/20 MP: 5/5
   942 | D:2      | Reached skill level 7 in Ranged Weapons
  1049 | D:2      | Noticed Natasha
  1052 | D:2      | Killed Natasha
  1053 | D:2      | Reached XP level 4. HP: 25/25 MP: 6/6
  1115 | D:2      | Found a runed translucent door.
  1115 | D:2      | Noticed Natasha
  1116 | D:2      | Noticed Crazy Yiuf
  1184 | D:2      | Noticed Sigmund
  1196 | D:2      | Slain by Sigmund

Levels and vault maps discovered:
D:1:      dpeg_arrival_simpleton_c, layout_basic, serial_park_tiny_1,
          minmay_misc_feat_alley, minivault_24
D:2:      minmay_chambers_of_twos, layout_basic, nicolae_underground_beach,
          uniq_sigmund, uniq_natasha, uniq_crazy_yiuf_cottage

Skill      XL: |  1  2  3 |
---------------+----------+-----
Ranged Weapons | 6 7 |  7.6
Fighting       | |  1.5
Dodging        | |  2.4
Stealth        | |  1.2

Action                     |  1- 3 |  4- 6 || total
---------------------------+-------+-------++-------
   Fire: Shortbow          |    73 |    14 ||    87
    Use: Scroll            |     4 |       ||     4
 Armour: Leather armour    |     4 |       ||     4
  Dodge: Dodged            |     6 |       ||     6

Table legend:
 A = Non-vault XP
 B = Vault XP
 C = Vault XP percentage of total XP
 D = Non-vault monster count
 E = Vault monster count
 F = Vault count percentage of total count
                 A         B        C        D         E       F
            +---------+---------+-------+---------+---------+-------
      Total |      79 |      33 |  29.5 |      31 |       1 |   3.1
            +---------+---------+-------+---------+---------+-------
        D:1 |      35 |       0 |   0.0 |      20 |       0 |   0.0
        D:2 |      44 |      33 |  42.9 |      11 |       1 |   8.3
            +---------+---------+-------+---------+---------+-------
